 Dungeon Crawl Stone Soup version 0.31-a0-995-g04711c9635 (webtiles) character file.

Game seed: 15792159031616755701

585 jinnsalabim the Trooper (level 7, -1/53 HPs)
             Began as a Djinni Cinder Acolyte on Nov 6, 2023.
             Was a High Priest of Ignis.
             Slain by a gnoll bouda
             ... wielding a +0 whip
              (10 damage)
             ... on level 5 of the Dungeon.
             The game lasted 00:14:33 (3895 turns).

jinnsalabim the Trooper (Djinni Cinder Acolyte)     Turns: 3895, Time: 00:14:35

Health: -1/53      AC:  4    Str: 19    XL:     7   Next: 64%
Gold:   295        EV: 13    Int: 15    God:    Ignis [*****.] SH:  0 Dex: 11

rFire   + + +        a - -1 falchion (flame)
rCold   . . .        (no shield)
rNeg    . . .        b - +0 robe
rPois   ∞            (no helmet)
rElec   .            m - +0 cloak
rCorr   .            s - +0 pair of gloves
SInv    .            (boots unavailable)
Will    .....        (no amulet)
Stlth   ++           o - +6 ring of strength
HPRegen 0.28/turn    v - ring of protection from cold
MPRegen 0.00/turn

%: infuse magic (-2 HP)
@: weakened, flying
A: sickness immunity, fire resistance 2, cold vulnerability 1, float, innate
caster, HP casting, extra vitality 1
a: Renounce Religion, Fiery Armour, Foxfire Swarm, Rising Flame


You were on level 5 of the Dungeon.
You worshipped Ignis.
Ignis was extremely pleased with you.
You visited 1 branch of the dungeon, and saw 5 of its levels.

You collected 295 gold pieces.

Inventory:

Hand Weapons
 a - a -1 falchion of flaming (weapon)
Missiles
 j - 5 boomerangs
 k - 12 poisoned darts
Armour
 b - a +0 robe (worn)
 m - a +0 cloak (worn)
 q - a +0 plate armour
 r - a +0 ring mail
 s - a +0 pair of gloves (worn)
Jewellery
 o - a +6 ring of strength (left hand)
 v - a ring of protection from cold (right hand)
Wands
 n - a wand of mindburst (13)
Scrolls
 f - 2 scrolls of teleportation
 i - 2 scrolls of fog
 w - a scroll of enchant armour {unknown}
 x - a scroll of poison
Potions
 c - a potion of mutation {unknown}
 d - 2 potions of curing
 e - a potion of enlightenment {unknown}
 g - 4 potions of might
 h - a potion of resistance {unknown}
 l - 3 potions of heal wounds {unknown}
 p - a potion of cancellation {unknown}
 t - 2 potions of magic {unknown}


   Skills:
 * Level 4.8 Fighting
 * Level 4.5 Long Blades
 * Level 3.8 Dodging
 * Level 3.1 Stealth
 + Level 2.3 Spellcasting
 + Level 2.3 Conjurations
 + Level 2.3 Hexes
 + Level 2.3 Summonings
 + Level 2.3 Necromancy
 + Level 2.3 Translocations
 + Level 2.3 Transmutations
 + Level 2.3 Fire Magic
 + Level 2.3 Ice Magic
 + Level 2.3 Air Magic
 + Level 2.3 Earth Magic
 + Level 2.3 Poison Magic


You knew the following spells:

 Your Spells              Type           Power      Damage    Failure   Level
a - Scorch                Fire           16%        2d5       12%         2
b - Foxfire               Conj/Fire      32%        2x1d5     9%          1
c - Static Discharge      Conj/Air       16%        3-4/arc   12%         2
d - Gell's Gravitas       Tloc           8%         N/A       24%         3
Your spell library was empty.

Dungeon Overview and Level Annotations

Branches:
Dungeon (5/15)
 Temple: D:4-7

Altars:
Makhleb
Yredelemnul


Innate Abilities, Weirdness & Mutations

You are immune to sickness and miasma.
You are immune to poison.
Your flesh is very heat resistant. (rF++)
You are vulnerable to cold. (rC-)
You float through the air rather than walking.
You learn spells naturally, not from books.
Your magical power is your life essence.
You have superior vitality. (+4 MHP)


Message History

Confirm with . or Enter, or press ? or * to list all spells.
Flames lash the gnoll bouda.
The gnoll bouda is burned terribly!
The gnoll bouda is heavily wounded.
The gnoll bouda hits you with a +0 whip!
The gnoll bouda attacks as it pursues you!
The gnoll bouda closely misses you.
Casting: Scorch (safe; 12% risk of failure)
Confirm with . or Enter, or press ? or * to list all spells.
Flames lash the gnoll.
The gnoll is burned terribly!
You kill the gnoll!
The gnoll bouda barely misses you.
Casting: Scorch (safe; 12% risk of failure)
Confirm with . or Enter, or press ? or * to list all spells.
Flames lash the gnoll.
The gnoll is heavily wounded.
The gnoll's fire resistance burns away.
The gnoll hits you from afar with a +0 halberd.
* * * LOW HITPOINT WARNING * * *
The gnoll bouda hits you with a +0 whip.
* * * LOW HITPOINT WARNING * * *
The gnoll bouda is no longer more vulnerable to fire.
The gnoll bouda gazes fiercely through you!
You feel as though you will be weak longer.
Casting: Scorch (safe; 12% risk of failure)
Confirm with . or Enter, or press ? or * to list all spells.
Flames lash the gnoll bouda.
The gnoll bouda is heavily wounded.
The gnoll bouda's fire resistance burns away.
* * * LOW HITPOINT WARNING * * *
The gnoll bouda closely misses you.
The gnoll is no longer moving quickly.
The gnoll is no longer more vulnerable to fire.
Casting: Scorch (safe; 12% risk of failure)
Confirm with . or Enter, or press ? or * to list all spells.
Flames lash the gnoll.
You kill the gnoll!
* * * LOW HITPOINT WARNING * * *
The gnoll bouda is no longer more vulnerable to fire.
The gnoll bouda hits you with a +0 whip!
You die...

#...# #.### #.#
#.# #########
#.# #.......#
#.#
#.#####.#####.#
#.#...........#
#@#.###.#######
#g#.....#
#.####### #g#
#.# #)# #.#
#..gg)..#
#.#######


You could see a gnoll bouda and a gnoll.

Vanquished Creatures
  Grinder (D:5)
  A scorpion (D:5)
  A hound (D:3)
  An orc priest (D:3)
  3 iguanas
  3 orc wizards (D:5)
  4 gnolls (D:5)
  4 adders
  A worm (D:2)
  A dart slug (D:4)
  9 orcs
  2 endoplasms
  3 giant cockroaches
  3 goblins
  5 hobgoblins
  6 quokkas
  5 ball pythons
  4 bats
  2 frilled lizards
  3 kobolds
  4 rats
66 creatures vanquished.

Notes
Turn   | Place    | Note
-------+----------+-------------------------------------------
     0 | D:1      | jinnsalabim the Djinni Cinder Acolyte began the quest for
                  | the Orb.
     0 | D:1      | jinnsalabim set off with the following spells memorised:
                  | Scorch.
     0 | D:1      | Reached XP level 1. HP: 20/20 MP: 0/0
   216 | D:1      | Reached XP level 2. HP: 24/25 MP: 0/0
  1139 | D:2      | Reached XP level 3. HP: 21/30 MP: 0/0
  1139 | D:2      | Learned a level 1 spell: Foxfire
  1679 | D:3      | Reached skill level 1 in Dodging
  1702 | D:3      | Found a faded altar of an unknown god.
  1841 | D:3      | Reached skill level 1 in Stealth
  1841 | D:3      | Reached XP level 4. HP: 30/35 MP: 0/0
  2076 | D:3      | Reached XP level 5. HP: 13/41 MP: 0/0
  2076 | D:3      | Learned a level 2 spell: Static Discharge
  2662 | D:4      | Found a basalt altar of Yredelemnul.
  2818 | D:4      | Found a burning altar of Makhleb.
  2820 | D:4      | Noticed a green death
  3039 | D:5      | Entered Level 5 of the Dungeon
  3052 | D:5      | Reached XP level 6. HP: 13/47 MP: 0/0
  3576 | D:5      | Noticed Grinder
  3583 | D:5      | Killed Grinder
  3584 | D:5      | Reached XP level 7. HP: 35/53 MP: 0/0
  3584 | D:5      | Learned a level 3 spell: Gell's Gravitas
  3895 | D:5      | Slain by a gnoll bouda

Illustrated notes

Levels and vault maps discovered:
D:1:      hellmonk_arrival_library, layout_basic, nicolae_figureground_pulse
D:2:      layout_rooms
D:3:      layout_loops_ring, dreamdust_ecumenical_altar_grove,
          minmay_fountain_box
D:4:      layout_rooms, nicolae_kikubaaqudgha_miasma_corner,
          mainiacjoe_overflow_boulevard, makhleb_altar_promises_db,
          nicolae_eternal_life
D:5:      layout_basic, uniq_grinder

Skill      XL: |  1  2  3  4  5  6 |
---------------+-------------------+-----
Long Blades    | 3 4 |  4.5
Dodging        | 1 2 3 |  3.8
Stealth        | 1 2 3 |  3.1
Fighting       | 4 |  4.8
Spellcasting   | |  2.3
Conjurations   | |  2.3
Hexes          | |  2.3
Summonings     | |  2.3
Necromancy     | |  2.3
Translocations | |  2.3
Transmutations | |  2.3
Fire Magic     | |  2.3
Ice Magic      | |  2.3
Air Magic      | |  2.3
Earth Magic    | |  2.3
Poison Magic   | |  2.3

Action                     |  1- 3 |  4- 6 |  7- 9 || total
---------------------------+-------+-------+-------++-------
  Melee: Falchion          |    26 |    10 |     4 ||    40
   Cast: Scorch            |    32 |    56 |    15 ||   103
    Use: Scroll            |     6 |     1 |     1 ||     8
   Stab: Sleeping          |       |       |     1 ||     1
 Armour: Robe              |    25 |    27 |    10 ||    62
  Dodge: Dodged            |    30 |    22 |     7 ||    59

Table legend: (Time is in decaauts)
 A = Elapsed time spent in this place.
 B = Non-inter-level travel time spent in this place.
 C = Inter-level travel time spent in this place.
 D = Time resting spent in this place.
 E = Time spent auto-exploring this place.
 F = Levels seen in this place.
 G = Mean time per level.
                   A        B        C        D        E       F      G
               +--------+--------+--------+--------+--------+-----+--------+
         Total |   3900 |   3321 |    579 |    260 |   2189 |   5 |  780.0 |
       Dungeon |   3900 |   3321 |    579 |    260 |   2189 |   5 |  780.0 |
               +--------+--------+--------+--------+--------+-----+--------+

Top non-repeatable levels by time:
     D:4: 948 daAuts
     D:1: 916 daAuts
     D:5: 770 daAuts
     D:3: 690 daAuts
     D:2: 574 daAuts
